 Dungeon Crawl Stone Soup version 0.29-a0-1006-g0dd7720b37 (webtiles) character file.

Game seed: 13145950241138428739

3386 drpainis the Thaumaturge (level 9, -9/46 HPs)
             Began as a Deep Elf Summoner on Aug 7, 2022.
             Was an Initiate of Sif Muna.
             Killed from afar by a steam dragon (23 damage)
             ... with a ball of steam
             ... on level 7 of the Dungeon.
             The game lasted 00:29:19 (10665 turns).

drpainis the Thaumaturge (Deep Elf Summoner)       Turns: 10665, Time: 00:29:20

Health: -9/46      AC:  9    Str:  5    XL:     9   Next: 74%
Magic:  17/26      EV: 12    Int: 25    God:    Sif Muna [......]
Gold:   410        SH:  0    Dex: 15    Spells: 18/31 levels left

rFire   . . .      SeeInvis .   B - staff of fire
rCold   + . .      Faith    .   (no shield)
rNeg    . . .      Spirit   .   j - +0 leather armour
rPois   .          Reflect  .   (no helmet)
rElec   .          Harm     .   (no cloak)
rCorr   .          Rampage  .   k - +0 pair of gloves
Will    .....                   E - +0 pair of boots
Stlth   ++........              (no amulet)
HPRegen 0.15/turn               i - +4 ring of protection
MPRegen 0.20/turn               o - ring of ice

@: no status effects
A: no striking features
a: Renounce Religion


You were on level 7 of the Dungeon.
You worshipped Sif Muna.
Sif Muna was noncommittal.
You visited 1 branch of the dungeon, and saw 9 of its levels.

You collected 410 gold pieces.

Inventory:

Hand Weapons
 x - a +0 scythe
Missiles
 C - 9 poisoned darts
 D - a throwing net
Armour
 a - a +0 robe
 j - a +0 leather armour (worn)
 k - a +0 pair of gloves (worn)
 E - a +0 pair of boots (worn)
Magical Staves
 B - a staff of fire (weapon)
Jewellery
 i - a +4 ring of protection (left hand)
 o - a ring of ice (right hand)
Wands
 p - a wand of charming (8)
 s - a wand of digging (1)
Scrolls
 c - a scroll of fear {unknown}
 d - a scroll of magic mapping
 l - 3 scrolls of teleportation
 n - a scroll of noise {unknown}
 t - a scroll of vulnerability {unknown}
 u - 2 scrolls of fog
 w - a scroll of poison {unknown}
 y - a scroll of amnesia {unknown}
 A - a scroll of enchant armour {unknown}
Potions
 b - 2 potions of magic
 e - a potion of flight
 f - a potion of cancellation {unknown}
 g - 2 potions of invisibility
 h - a potion of degeneration {unknown}
 m - a potion of attraction {unknown}
 q - 2 potions of haste {unknown}
 v - 4 potions of might
 z - a potion of mutation {unknown}


   Skills:
 + Level 0.7 Fighting
 + Level 2.2 Armour
 + Level 3.1 Dodging
 + Level 3.8 Stealth
 + Level 0.1 Unarmed Combat
 + Level 11.5 Spellcasting
 + Level 3.6 Hexes
 + Level 11.1 Summonings
 + Level 1.2 Air Magic


You had 18 spell levels left.
You knew the following spells:

 Your Spells              Type           Power      Damage    Failure   Level
a - Summon Small Mammal   Summ           100%       N/A       1%          1
b - Call Imp              Summ           63%        N/A       1%          2
c - Call Canine Familiar  Summ           63%        N/A       1%          3
d - Summon Guardian Gole  Hex/Summ       51%        N/A       1%          3
e - Summon Lightning Spi  Summ/Air       45%        N/A       5%          4

Your spell library contained the following spells:

 Spells                   Type           Power      Damage    Failure   Level
 Gell's Gravitas          Tloc           14%        N/A       21%         3
 Lesser Beckoning         Tloc           14%        N/A       21%         3
 Teleport Other           Tloc           14%        N/A       21%         3
 Petrify                  Tmut/Erth      14%        N/A       56%         4
 Metabolic Englaciation   Hex/Ice        17%        N/A       65%         5
 Statue Form              Tmut/Erth      9%         N/A       100%        6


Dungeon Overview and Level Annotations

Branches:
Dungeon (9/15)             Temple (0/1) D:6
   Lair: D:8-11         Orc: D:9-12

Altars:
Gozag
Ru
Sif Muna
Zin


Message History

The centaur shoots an arrow.
The arrow misses your warg. The arrow hits you.
* * * LOW HITPOINT WARNING * * *
An arrow appears from out of your range of vision.
The arrow hits your warg!
Casting: Summon Small Mammal (safe; 1% risk of failure)
Confirm with . or Enter, or press ? or * to list all spells.
The centaur unwields a +0 shortbow.
The centaur completely misses your warg.
The centaur kicks your warg but does no damage.
Your warg barely misses the steam dragon.
The arrow closely misses your warg.
An arrow appears from out of your range of vision.
The centaur hits your warg.
The centaur kicks your warg but does no damage.
Your warg barely misses the steam dragon.
The arrow hits your warg!
The centaur completely misses something. x2
The steam dragon breathes steam at you. The ball of steam hits your rat!!
Your rat dies!
Your rat's corpse disappears in a puff of smoke!
The ball of steam misses you.
You hear a shout!
Casting: Summon Small Mammal (safe; 1% risk of failure)
Confirm with . or Enter, or press ? or * to list all spells.
You are engulfed in a cloud of scalding steam.
Your wolf is engulfed in a cloud of scalding steam.
Casting: Call Canine Familiar (safe; 1% risk of failure)
Confirm with . or Enter, or press ? or * to list all spells.
Casting: Summon Small Mammal (safe; 1% risk of failure)
Confirm with . or Enter, or press ? or * to list all spells.
Your wolf is engulfed in a cloud of scalding steam. x2
Casting: Summon Small Mammal (safe; 1% risk of failure)
Confirm with . or Enter, or press ? or * to list all spells.
A guardian golem appears, shielding your allies.
The steam dragon breathes steam at you. The ball of steam misses your rat.
The ball of steam hits your wolf! The ball of steam hits you!!
Ouch! That really hurt!
You die...

.....#...... .#.#........
.#.#.####### ##.#)# ######
##.#.#########....# ..
#...........##.#############.
####>..........r.9rD§..Dc.§.....
......#.^........h######.h......
....÷.#.......<.@.# .........
......#...........# ##........
......#...........# #........
......#...........# #........
......#...........# <........
......############# .........
#######


You could see a friendly guardian golem (summoned), a friendly wolf (summoned,
sheltered), a friendly quokka (summoned, sheltered) and a friendly rat
(summoned, sheltered).

Vanquished Creatures (collateral kills)
  The ghost of Valamore the Frost Mage, a novice BaIE of Sif Muna (D:6)
  Joseph (D:7)
  Psyche (D:8)
  Sigmund (D:5)
  Menkaure (D:4)
  An ogre (D:5)
  2 centaurs
  A phantom (D:4)
  A kobold brigand (D:5)
  4 bullfrogs
  2 necrophages
  Blork the orc (D:5)
  2 scorpions (D:5)
  A howler monkey (D:5)
  4 jellies
  2 hounds (D:5)
  2 gnoll boudas
  An orc priest (D:5)
  Terence (D:3)
  4 iguanas
  2 orc wizards (D:5)
  Natasha (thrice) (D:2)
  4 gnolls (D:6)
  11 adders
  An ufetubus (D:5)
  3 worms
  7 orcs
  11 ball pythons
  5 endoplasms
  9 giant cockroaches
  8 goblins
  11 hobgoblins
  3 jackals (D:2)
  A quokka (D:5)
  7 bats
  3 frilled lizards
  7 kobolds
  7 rats
137 creatures vanquished.

Vanquished Creatures (others)
  A gargoyle (D:5)
  A black bear (D:5)
  A bush (D:5)
  A butterfly (D:9)
4 creatures vanquished.

Grand Total: 141 creatures vanquished

Notes
Turn   | Place    | Note
-------+----------+-------------------------------------------
     0 | D:1      | drpainis the Deep Elf Summoner began the quest for the Orb.
     0 | D:1      | Reached XP level 1. HP: 10/10 MP: 6/6
   690 | D:1      | Reached XP level 2. HP: 7/15 MP: 5/8
   711 | D:1      | Reached skill level 5 in Summonings
  1923 | D:1      | Learned a level 2 spell: Call Imp
  2082 | D:1      | Reached XP level 3. HP: 19/19 MP: 7/10
  2085 | D:1      | Found a faded altar of an unknown god.
  2265 | D:1      | Learned a level 3 spell: Call Canine Familiar
  2885 | D:2      | Noticed Natasha
  2895 | D:2      | Killed Natasha
  2896 | D:2      | Reached XP level 4. HP: 24/24 MP: 6/11
  2979 | D:2      | Noticed Natasha
  3008 | D:2      | Killed Natasha
  3151 | D:2      | Noticed Natasha
  3165 | D:2      | Killed Natasha
  3546 | D:3      | Noticed Terence
  3564 | D:3      | Killed Terence
  3565 | D:3      | Reached XP level 5. HP: 20/28 MP: 9/13
  3798 | D:3      | Found a glowing silver altar of Zin.
  4247 | D:3      | Learned a level 3 spell: Summon Guardian Golem
  4637 | D:3      | Found a sacrificial altar of Ru.
  4828 | D:3      | Found an opulent altar of Gozag.
  5406 | D:4      | Noticed Menkaure
  5412 | D:4      | Killed Menkaure
  5413 | D:4      | Reached skill level 5 in Spellcasting
  5413 | D:4      | Reached XP level 6. HP: 32/32 MP: 6/16
  6289 | D:4      | Learned a level 4 spell: Summon Lightning Spire
  6559 | D:5      | Entered Level 5 of the Dungeon
  6588 | D:5      | Noticed Blork the orc
  6596 | D:5      | Killed Blork the orc
  6597 | D:5      | Reached skill level 1 in Armour
  6597 | D:5      | Reached XP level 7. HP: 36/36 MP: 8/18
  6640 | D:5      | Reached skill level 1 in Hexes
  6908 | D:5      | Noticed Sigmund
  6914 | D:5      | Killed Sigmund
  6915 | D:5      | Reached XP level 8. HP: 41/41 MP: 13/22
  7035 | D:5      | Found a shimmering blue altar of Sif Muna.
  7059 | D:5      | Became a worshipper of Sif Muna the Loreminder
  7505 | D:5      | Noticed a gargoyle
  7733 | D:5      | Killed a gargoyle
  8923 | D:6      | Noticed Valamore's ghost (novice BaIE)
  8923 | D:6      | Found a runed translucent door.
  8971 | D:6      | Killed Valamore's ghost
  8972 | D:6      | Reached skill level 10 in Spellcasting
  8972 | D:6      | Reached skill level 1 in Air Magic
  8972 | D:6      | Reached XP level 9. HP: 46/46 MP: 5/25
  8993 | D:6      | Reached skill level 10 in Summonings
  9336 | D:6      | Found a staircase to the Ecumenical Temple.
  9506 | D:6      | You fall into a shaft and drop 3 floors!
  9532 | D:8      | Noticed Psyche
  9582 | D:7      | Noticed Joseph
 10011 | D:8      | Killed Psyche
 10246 | D:7      | Killed Joseph
 10665 | D:7      | Killed from afar by a steam dragon

Illustrated notes

Levels and vault maps discovered:
D:1:      psy_arrival_dodecagon, layout_rooms,
          shapermc_ecumenical_altar_mp_highgroup, serial_glass, glass_columns_b,
          glass_columns_b, due_unseen_surprise, item_on_display_a,
          feat_on_display
D:2:      layout_rooms, uniq_natasha
D:3:      layout_loops_ring, pdpol_temple_overflow_zin_treasury_gozag_greed,
          nicolae_ru_sacrificial_ziggurat, gup_sewer_entry_spiral, uniq_terence
D:4:      layout_basic, uniq_menkaure
D:5:      layout_cave_pools, kennysheep_mini_moat, hex_medium,
          kb_lookout_dungeons_type, nzn_random_ring, uniq_blork_the_orc,
          uniq_sigmund
D:6:      layout_rooms, temple_doors_ab, gammafunk_ghost_grave
D:7:      layout_basic, fedhas_altar_4, uniq_joseph
D:8:      layout_loops_ring, enter_ossuary_3, uniq_psyche
D:9:      layout_long_grid, nicolae_elyvilon_peaceful_grove, kennysheep_mini,
          uniq_grum

Skill      XL: |  1  2  3  4  5  6  7  8  9 |
---------------+----------------------------+-----
Summonings     | 5 6 7 8 9 11 | 11.1
Stealth        | 3 |  3.8
Spellcasting   | 4 5 6 8 10 11 | 11.5
Armour         | 1 2 |  2.2
Hexes          | 1 3 |  3.6
Dodging        | 3 |  3.1
Air Magic      | 1 |  1.2
Fighting       | |  0.7
Unarmed Combat | |  0.1

Action                   |  1- 3 |  4- 6 |  7- 9 || total
-------------------------+-------+-------+-------++-------
Melee: Unarmed           |     2 |     8 |     1 ||    11
       Staff             |       |       |     1 ||     1
 Cast: Summon Small Mamm |    56 |    41 |    51 ||   148
       Call Imp          |     7 |     9 |     5 ||    21
       Call Canine Famil |     3 |    26 |    38 ||    67
       Summon Lightning  |       |     2 |     7 ||     9
       Summon Guardian G |       |     1 |    18 ||    19
  Use: Scroll            |       |     3 |     3 ||     6
       Potion            |       |       |     7 ||     7
Armor: Robe              |     6 |       |       ||     6
       Leather armour    |     4 |    15 |    20 ||    39
       Skin              |       |       |     7 ||     7
Dodge: Dodged            |    32 |    33 |    56 ||   121

Table legend: (Time is in decaauts)
 A = Elapsed time spent in this place.
 B = Non-inter-level travel time spent in this place.
 C = Inter-level travel time spent in this place.
 D = Time resting spent in this place.
 E = Time spent auto-exploring this place.
 F = Levels seen in this place.
 G = Mean time per level.
                   A        B        C        D        E       F      G
               +--------+--------+--------+--------+--------+-----+--------+
         Total |  10721 |  10295 |    426 |   4288 |   3057 |   9 | 1191.2 |
       Dungeon |  10721 |  10295 |    426 |   4288 |   3057 |   9 | 1191.2 |
               +--------+--------+--------+--------+--------+-----+--------+

Top non-repeatable levels by time:
     D:1: 2294 daAuts
     D:5: 2171 daAuts
     D:4: 1702 daAuts
     D:3: 1621 daAuts
     D:2: 1193 daAuts
     D:6: 584 daAuts
     D:7: 455 daAuts
     D:9: 428 daAuts
     D:8: 271 daAuts
